 Dungeon Crawl Stone Soup version bcrawl-1.21.3-2-g9d8a61a446 (webtiles) character file.

Game seed: 14372212840946841912

5041 Dyss the Transmogrifier (level 10, -26/84 HPs)
             Began as a Green Draconian Transmuter on Apr 21, 2020.
             Killed from afar by an ogre mage (61 damage)
             ... with a crystal spear
             ... on level 7 of the Dungeon.
             The game lasted 00:32:22 (9206 turns).

Dyss the Transmogrifier (DrTm)                      Turns: 9206, Time: 00:32:22

Health: -26/84     AC:  7    Str: 13    XL:     10   Next: 30%
Magic:  14/18      EV: 13    Int: 17    God:
Gold:   592        SH:  3    Dex: 11    Spells: 11/20 levels left

rFire    . . .     SeeInvis .     - Unarmed
rCold    . . .     Gourm    .   (shield currently unavailable)
rNeg     . . .     Faith    .   (armour unavailable)
rPois    +         Spirit   .   (helmet restricted)
rElec    +         Reflect  +   (no cloak)
rCorr    .         Harm     .   (gloves currently unavailable)
MR       .....                  (no boots)
Stlth    +.........             g - +3 amulet of reflection
HPRegen  0.24/turn              w - ring of insulation
MPRegen  0.16/turn              (no ring)

@: lethally poisoned (-26 -> -28), blade hands (expiring)
A: breathe noxious fumes, unfitting armour, poison resistance, cold-blooded, AC
+7
a: Breathe Noxious Fumes, End Transformation


You were on level 7 of the Dungeon.
You were very hungry.
You had blades for hands.
You visited 2 branches of the dungeon, and saw 8 of its levels.

You collected 592 gold pieces.

Inventory:

Missiles
 a - 840 arrows
Armour
 x - a +0 pair of gloves (melded)
 y - a +0 troll leather armour
Jewellery
 g - a +3 amulet of reflection (around neck)
 w - a ring of insulation (left scythe-like blade)
Wands
 d - a wand of iceblast (5)
 p - a wand of flame (15)
 t - a wand of acid (5)
Scrolls
 b - 5 scrolls of remove curse {unknown}
 f - 5 scrolls of teleportation {unknown}
 h - 2 scrolls of enchant weapon {unknown}
 j - 8 scrolls of identify {unknown}
 m - 2 scrolls of fear {unknown}
 o - 6 scrolls of magic mapping {unknown}
 v - 2 scrolls of enchant armour {unknown}
 A - a scroll of fog {unknown}
 C - a scroll of noise {unknown}
Potions
 c - a potion of berserk rage {unknown}
 i - 2 potions of might
 k - 2 potions of brilliance {unknown}
 n - 2 potions of haste {unknown}
 q - a potion of magic {unknown}
 r - 2 potions of degeneration {unknown}
 s - a potion of resistance {unknown}
 u - 3 potions of mutation {unknown}
 B - a potion of agility {unknown}
Comestibles
 e - 17 rations {!d}


   Skills:
 + Level 6.7 Fighting
 + Level 4.2 Dodging
 + Level 7.1 Unarmed Combat
 + Level 5.8 Spellcasting
 * Level 9.5 Transmutations
 - Level 4.0 Poison Magic


You had 11 spell levels left.
You knew the following spells:

 Your Spells              Type           Power        Failure   Level  Hunger
a - Beastly Appendage     Tmut           #####.       10%         1    None
b - Spider Form           Tmut/Pois      ###          22%         3    ##.....
c - Blade Hands           Tmut           #####.....   38%         5    #####..

Your spell library contained the following spells:

 Spells                   Type           Power        Failure   Level  Hunger
 Sticks to Snakes         Tmut           #####...     11%         2    None
 Ice Form                 Ice/Tmut       ###.....     61%         4    ####...


Dungeon Overview and Level Annotations

Branches:
Dungeon (7/12)             Temple (1/1) D:4
   Lair: D:7-9

Altars:
Ashenzari
Dithmenos
Elyvilon
Fedhas
Gozag
Hepliaklqana
Kikubaaqudgha
Lugonu
Makhleb
Nemelex Xobeh
Okawaru
Qazlal
Ru
Trog
Uskayaw
Vehumet
Wu Jian
Xom
Yredelemnul
Zin
The Shining One

Shops:
D:6 *


Innate Abilities, Weirdness & Mutations

You can breathe blasts of noxious fumes.
Your lurid green scales are hard. (AC +7)
You cannot fit into any form of body armour.
Your system is resistant to poisons. (rPois)
You are cold-blooded and may be slowed by cold attacks.


Message History

The ogre mage is lightly wounded.
Your transformation is almost over.
You feel sick. The ogre mage hits you.
* * * LOW HITPOINT WARNING * * *
You feel much better.
You feel sick. The ogre mage barely misses you.
You hit the ogre mage.
The ogre mage is lightly wounded.
The ogre mage hits you.
You slice the ogre mage!!
The ogre mage is heavily wounded.
The ogre mage completely misses you.
You slash the ogre mage!
The ogre mage is severely wounded.
You feel sick.
The ogre mage casts a spell.
The ogre mage blinks!
The ogre mage gestures at you while chanting.
The crystal spear hits you!!!
Ouch! That really hurt!
You die...

#######.# #.# ........###.#####
.######.........# #.#...###.#
#.....###>##
##################........
..................#.###.##
(#...#...#†..#...#........
y........@.........#.##.##
#...#.!.#...#...###.##.##
..?....O..........##.##.##
###########################.##.##
#.........#..# .......# #.##.##
#.........##.# #...#.#####......
#.........##.##.#...#..........##
..................>....####..#...
#.........##.##.........# #..#.##


You could see an ogre mage.

Vanquished Creatures
  Pikel (D:6)
  Grinder (D:6)
  2 trolls
  A slime creature (D:6)
  Prince Ribbit (D:6)
  2 hippogriffs
  A spriggan (D:7)
  A water moccasin (D:6)
  Duvessa (D:7)
  An ice beast (D:5)
  2 slaves (D:6)
  5 sky beasts
  3 ogres
  2 centaurs (D:6)
  5 bullfrogs (D:6)
  Dowan (D:7)
  3 killer bees (D:7)
  2 howler monkeys
  5 crimson imps
  2 bullfrog zombies
  A centaur zombie (D:5)
  A hound (D:7)
  5 orc priests
  A bullfrog skeleton (D:4)
  9 jellies
  9 orc wizards
  2 iguanas
  3 worker ants
  A killer bee zombie (D:7)
  A hound zombie (D:6)
  A hound skeleton (D:7)
  A howler monkey zombie (D:6)
  4 adders
  13 oozes
  An adder zombie (D:6)
  3 adder skeletons
  2 worms
  4 dart slugs
  3 leopard geckos
  24 orcs
  4 giant cockroaches (D:3)
  5 goblins
  11 hobgoblins
  3 jackals
  4 kobolds
  3 quokkas
  2 ball pythons
  4 bats
  4 frilled lizards
  A jackal zombie (D:7)
  A leopard gecko zombie (D:4)
  A quokka zombie (D:5)
  3 rats
177 creatures vanquished.

Vanquished Creatures (others)
  6 fungi (D:6)
6 creatures vanquished.

Grand Total: 183 creatures vanquished

Notes
Turn   | Place    | Note
-------+----------+-------------------------------------------
     0 | D:1      | Dyss the Draconian Transmuter began the quest for the Orb.
     0 | D:1      | Reached XP level 1. HP: 16/16 MP: 3/3
   304 | D:1      | Reached XP level 2. HP: 23/23 MP: 1/5
   416 | D:1      | Reached skill level 3 in Transmutations
   935 | D:2      | Reached XP level 3. HP: 22/28 MP: 4/6
  1243 | D:2      | Found a burning altar of Makhleb.
  1284 | D:2      | Reached XP level 4. HP: 35/36 MP: 7/7
  1334 | D:2      | Found a glowing golden altar of the Shining One.
  1838 | D:2      | Found a shadowy altar of Dithmenos.
  2091 | D:3      | Reached XP level 5. HP: 34/41 MP: 6/8
  2106 | D:3      | Learned a level 3 spell: Spider Form
  2293 | D:3      | Reached skill level 4 in Transmutations
  3078 | D:3      | Found a shimmering altar of Xom.
  3185 | D:4      | Reached XP level 6. HP: 43/50 MP: 3/9
  3327 | D:4      | HP: 1/50 [bullfrog skeleton (11)]
  3347 | D:4      | HP: 1/50 [bullfrog skeleton (4)]
  3595 | D:4      | Found a staircase to the Ecumenical Temple.
  3687 | Temple   | Entered the Ecumenical Temple
  4309 | D:4      | Noticed a sky beast
  4319 | D:4      | Killed a sky beast
  4319 | D:4      | Reached skill level 5 in Transmutations
  4582 | D:4      | Noticed a sky beast
  4595 | D:4      | Killed a sky beast
  4595 | D:4      | Your scales start taking on a lurid green colour.
  4595 | D:4      | Reached XP level 7. HP: 28/57 MP: 5/11
  4595 | D:4      | Gained mutation: Your system is resistant to poisons.
                  | (rPois) [Green Draconian growth]
  4766 | D:5      | Entered Level 5 of the Dungeon
  5211 | D:5      | Found a white marble altar of Elyvilon.
  5219 | D:5      | Reached skill level 1 in Poison Magic
  5262 | D:5      | Reached skill level 6 in Transmutations
  5381 | D:5      | Reached skill level 5 in Unarmed Combat
  5405 | D:5      | Learned a level 5 spell: Blade Hands
  5452 | D:5      | Reached XP level 8. HP: 66/66 MP: 7/13
  6144 | D:6      | Found a shattered altar of Ashenzari.
  6145 | D:6      | Found a blossoming altar of Fedhas.
  6362 | D:6      | Found a glowing silver altar of Zin.
  6362 | D:6      | Found a corrupted altar of Lugonu.
  6705 | D:6      | Reached skill level 7 in Transmutations
  6991 | D:6      | Noticed a hippogriff
  6999 | D:6      | Killed a hippogriff
  6999 | D:6      | Reached skill level 5 in Fighting
  7108 | D:6      | Found Zugris's General Store.
  7120 | D:6      | Noticed Grinder
  7141 | D:6      | Paralysed by Grinder for 3 turns
  7145 | D:6      | Killed Grinder
  7145 | D:6      | Reached XP level 9. HP: 18/74 MP: 7/15
  7394 | D:6      | Noticed a troll
  7400 | D:6      | Killed a troll
  7404 | D:6      | Reached skill level 8 in Transmutations
  7674 | D:6      | Noticed Prince Ribbit
  7680 | D:6      | Killed Prince Ribbit
  7680 | D:6      | Reached skill level 5 in Spellcasting
  7752 | D:6      | Noticed Pikel
  7767 | D:6      | Killed Pikel
  8060 | D:6      | Reached skill level 9 in Transmutations
  8262 | D:7      | Noticed a troll
  8271 | D:7      | Killed a troll
  8271 | D:7      | Reached XP level 10. HP: 41/84 MP: 13/18
  8759 | D:7      | Found a hide-covered altar of Uskayaw.
  8864 | D:7      | Noticed Duvessa
  8864 | D:7      | Noticed Dowan
  8879 | D:7      | Killed Duvessa
  8886 | D:7      | Killed Dowan
  9174 | D:7      | Noticed an ogre mage
  9206 | D:7      | Killed from afar by an ogre mage

Skill      XL: |  1  2  3  4  5  6  7  8  9 10 |
---------------+-------------------------------+-----
Transmutations | 3 4 5 6 7 9 |  9.5
Fighting       | 2 3 4 5 6 |  6.7
Dodging        | 2 3 4 |  4.2
Unarmed Combat | 4 5 6 7 |  7.1
Spellcasting   | 3 4 5 |  5.8
Poison Magic   | 1 4 |  4.0

Action                   |  1- 3 |  4- 6 |  7- 9 | 10-12 || total
-------------------------+-------+-------+-------+-------++-------
Melee: Unarmed           |   116 |   223 |   326 |    85 ||   750
       Kick              |     7 |     7 |     7 |     4 ||    25
       Tailslap          |     8 |    11 |    27 |     8 ||    54
       Headbutt          |     1 |    11 |     7 |       ||    19
       Punch             |       |     3 |     5 |     3 ||    11
 Cast: Beastly Appendage |    15 |    23 |    11 |     1 ||    50
       Spider Form       |       |     7 |     5 |     1 ||    13
       Blade Hands       |       |       |    14 |     7 ||    21
 Abil: Breathe Noxious F |       |       |     3 |       ||     3
       End Transformatio |       |       |     3 |     1 ||     4
  Use: Potion            |       |     3 |     3 |     2 ||     8
  Eat: Chunk             |     1 |     9 |    18 |     5 ||    33
       Ration            |       |     1 |       |       ||     1
Armor: Skin              |    26 |    57 |    50 |    18 ||   151
Dodge: Dodged            |    64 |   102 |   139 |    46 ||   351
Block: Other             |    10 |    22 |    30 |    12 ||    74
